 BcadrenCrawl: Boulder Brew version 0.04.2-10-g17648f679b (webtiles) character file.

Game seed: 1421507955103424395, levelgen mode: deterministic

14845 gruber the Demolition Dog (level 12, 0/91 HPs) Gnoll Demonspawn. Began on May 2, 2021. Was an Elder of Makhleb. Shot with an arrow by Nessos (29 damage) ... on level 6 of the Dungeon. The game lasted 00:17:52 (7242 turns).

gruber the Demolition Dog (Gnoll Demonspawn)        Turns: 7242, Time: 00:17:53

Health: 0/91       AC:  6    Str: 17    XL:     12 ^: 10774
Magic:  31/31      EV: 25    Int: 23    God:    Makhleb [4* [104]]
Gold:   3337       SH:  0    Dex: 21    Spells: 17/25 levels left

rFire    . . .     Vision   .   a - +0 long sword
rCold    + . .     Gourm    .     - Unarmed
rNeg     . . .     Faith    .   m - +0 troll leather {Purgy}
rPois    .         Spirit   .   (helmet restricted)
rElec    .         Reflect  .   w - +0 cloak
rCorr    .         Harm     .   (no gloves)
MR       .....                  (no boots)
Stlth    +++++.....             A - amulet of the acrobat
HPRegen  0.80/turn              e - ring of magical power
MPRegen  0.41/turn              u - ring of intelligence

@: agile, lethally poisoned (0 -> -26)
A: distributed training, fangs 1, horns 1, cold resistance 1, spiny 1, sturdy
frame 2, strong nose
a: Minor Destruction, Lesser Servant of Makhleb, Major Destruction, Renounce
Religion


You were on level 6 of the Dungeon.
You worshipped Makhleb.
Makhleb was greatly pleased with you.
You were not hungry.

You visited 2 branches of the dungeon, and saw 7 of its levels.

You collected 3337 gold pieces.

Inventory:

Weapons
 a - a +0 long sword (weapon)
 D - a +0 flail of caustic ooze Shields
 p - a +0 heater shield
Armour
 m - a +0 troll leather (worn) {Purgy}
 w - a +0 cloak (worn)
Jewellery
 e - a ring of magical power (left hand)
 n - an uncursed ring of ice
 u - a ring of intelligence (right hand)
 x - a cursed ring of ice {(Curse: *Corrode)}
 A - an amulet of the acrobat (around neck)
Wands
 o - a wand of hasting (13)
 q - a wand of flame (14)
 r - a wand of enslavement (14)
 s - a wand of polymorph (2)
 z - a wand of iceblast (6)
 B - a wand of clouds (2)
 C - a wand of acid (2)
Scrolls
 b - 2 scrolls of amnesia
 c - 2 scrolls of magic mapping
 i - a scroll of fog
 j - a scroll of fear
 t - 2 scrolls of blinking
 v - 3 scrolls of teleportation
 y - 3 scrolls of enchantment
Potions
 f - 5 potions of curing
 g - 4 potions of magic
 h - 7 potions of heal wounds
 k - a potion of might
 l - 2 potions of resistance
Comestibles
 d - 11 rations


   Skills:
 + Level 7.0 Fighting
 + Level 6.4 Short Blades
 + Level 8.0 Long Blades
 + Level 6.4 Axes & Hammers
 + Level 6.4 Whips & Flails
 + Level 6.4 Polearms
 + Level 6.4 Maces & Staves
 + Level 6.4 Slings
 + Level 6.4 Bows
 + Level 6.4 Crossbows
   Level 0.0 Throwing
 + Level 6.4 Armour
 + Level 9.2 Dodging
 + Level 7.7 Stealth
 + Level 6.4 Shields
 + Level 6.4 Unarmed Combat
 + Level 7.1 Spellcasting
 + Level 5.3 Hexes
 + Level 5.3 Charms
 + Level 5.3 Summonings
 + Level 5.3 Necromancy
 + Level 5.3 Translocations
 + Level 5.3 Transmutations
 + Level 6.6 Fire Magic
 + Level 5.3 Ice Magic
 + Level 5.3 Air Magic
 + Level 5.3 Earth Magic
 + Level 5.3 Poison Magic
 + Level 11.8 Invocations
 + Level 6.4 Evocations


You had 17 spell levels left.
You knew the following spells:

 Your Spells              Type           Power        Failure   Level  Hunger
a - Flame Tongue          Fire           30 (30)      1%          1    None
b - Blink                 Tloc           N/A          1%          2    None
c - Mephitic Cloud        Pois/Air       32 (100)     2%          3    None
d - Slow                  Hex            32 (100)     1%          2    None

Your spell library contained the following spells:

 Spells                   Type           Power        Failure   Level  Hunger
 Call Imp                 Summ           32 (100)     1%          2    None
 Conjure Flame            Fire           38 (100)     1%          3    None
 Ice Form                 Ice/Tmut       32 (100)     9%          4    ###....
 Bolt of Cold             Ice            32 (200)     78%         6    ######.
 Freezing Cloud           Ice/Air        32 (200)     78%         6    ######.
 Ozocubu's Refrigeration  Ice            32 (200)     78%         6    ######.
 Simulacrum               Ice/Necr       32 (200)     78%         6    ######.


Dungeon Overview and Level Annotations

Branches:
Dungeon (6/8)              Temple (1/1) D:4            Lair (0/6) D:5
    Orc (0/2) D:6

Altars:
Ashenzari
Cheibriados
Elyvilon
Fedhas Madash
Hepliaklqana
Makhleb
Nemelex Xobeh
Okawaru
Qazlal
Ru
Trog
Uskayaw
Vehumet
Xom
Yredelemnul
Zin
The Shining One

Shops:
D:6 ?

Annotations:
D:6 3 runed translucent doors, DEFE's ghost, journeyman DrDs; Nessos


Innate Abilities, Weirdness & Mutations

Your experience applies equally to all skills.
You have very sharp teeth.
You have a pair of small horns on your head.
You are cold resistant. (rC+)
You are partially covered in sharp spines.
Your movements are less encumbered by armour. (ER -4)
Your uncanny sense of smell can sniff out nearby items.


Message History

Press: ? - help, Shift-Dir - straight line, f - Nessos
Aim: Nessos, wielding a +3 longbow of molten steel and wearing a cursed +2 centaur barding of fire resistance {(Curse: Fragile)} (severely wounded (26/71), fast)
The mass of ice explodes!
The iceblast engulfs Nessos (2).
Nessos is severely wounded. (24/71) HP You feel sick. (2) Nessos shoots an arrow.
The arrow completely misses you (0).
Unknown command.
Unknown command.
Unknown command.
Nessos is nearby!
Evoke which item? (* to show all) (? for menu, Esc to quit)
Aiming: Iceblast Wand
Press: ? - help, Shift-Dir - straight line, f/p - Nessos
Aim: Nessos, wielding a +3 longbow of molten steel and wearing a cursed +2 centaur barding of fire resistance {(Curse: Fragile)} (severely wounded (24/71), fast)
The mass of ice explodes!
The iceblast engulfs Nessos (5).
Nessos is severely wounded. (19/71) HP You feel sick. (1) Nessos shoots an arrow.
The arrow impales you (29)!! The arrow burns you (29)!!
You are more poisoned.
You die...

########## #.# #
##...## #W!8W8!.## #.#
.# #...# ##W?%:.###
#.#####.## #...#
#W.....W#####.##.c....
8...8
##.....##.........#
#...##
#W.....W#.........#
###+++###....)†$..#
..†.....#.........#
......###.......@.#
......# #.........#
####### #.?.......#
#.........#
#.........# .........#
##########


You could see Nessos.

Vanquished Creatures
  Harold (D:5)
  A two-headed ogre (D:5)
  Maurice (D:4)
  An ugly thing (D:6)
  Prince Ribbit (D:2)
  3 hippogriffs
  A steam dragon (D:5)
  19 yaks
  Menkaure (D:3)
  A wyvern (D:6)
  3 basilisks (D:5)
  2 hungry ghosts (D:6)
  Purgy (D:2)
  7 slime creatures
  Edmund (D:3)
  2 phantoms (D:5)
  4 orc warriors (D:6)
  2 scorpions
  4 water moccasins
  5 porcupines
  3 ice beasts
  4 sky beasts
  3 black bears (D:5)
  8 ogres
  3 crocodiles
  4 big kobolds
  8 bullfrogs
  A meliai zombie (D:4)
  6 centaurs
  5 howler monkeys
  17 killer bees (D:5)
  A quasit (D:5)
  3 crimson imps
  3 gnoll shamans
  2 orc priests
  7 hounds
  7 jellies (D:2)
  5 orc wizards
  2 iguanas
  7 worker ants
  A water moccasin skeleton (D:4)
  6 giant cockroaches
  2 bullfrog zombies (D:6)
  3 bullfrog skeletons
  10 gnolls
  2 shadow imps
  11 adders
  27 sewer rats (D:2)
  A white imp (D:3)
  17 cinder newts
  7 worms
  13 oozes
  2 dart slugs
  7 leopard geckos
  26 orcs
  An adder skeleton (D:5)
  An adder zombie (D:5)
  A cinder newt skeleton (D:2)
  9 goblins (D:1)
  2 hobgoblins (D:1)
  3 jackals (D:3)
  22 kobolds
  2 quokkas
  4 ball pythons
  9 bats
  A kobold skeleton (D:2)
  A quokka skeleton (D:5)
  3 rats (D:1)
  A plant (D:5)
  A withered plant (D:2)
356 creatures vanquished.

Vanquished Creatures (others)
  Eustachio (D:2)
  A giant cockroach (D:2)
  2 oozes (D:2)
  A leopard gecko (D:2)
  3 kobolds (D:2)
  A rat (D:2)
  3 bushes (D:5)
  16 plants (D:5)
  68 withered plants (D:2)
96 creatures vanquished.

Grand Total: 452 creatures vanquished

Notes
Turn   | Place    | Note
-------+----------+-------------------------------------------
     0 | D:1      | gruber the Gnoll Demonspawn began the quest for the Orb.
     0 | D:1      | Reached XP level 1. HP: 17/17 MP: 4/4
    14 | D:1      | Gained mutation: You are partially covered in sharp spines.
                  | [demonic ancestry]
    14 | D:1      | Reached XP level 2. HP: 23/23 MP: 6/6
    95 | D:1      | Reached XP level 3. HP: 27/28 MP: 7/7
   338 | D:1      | Reached XP level 4. HP: 34/34 MP: 9/9
   340 | D:1      | Reached skill level 1 in Short Blades
   340 | D:1      | Reached skill level 1 in Axes & Hammers
   340 | D:1      | Reached skill level 1 in Whips & Flails
   340 | D:1      | Reached skill level 1 in Polearms
   340 | D:1      | Reached skill level 1 in Maces & Staves
   340 | D:1      | Reached skill level 1 in Slings
   340 | D:1      | Reached skill level 1 in Bows
   340 | D:1      | Reached skill level 1 in Crossbows
   340 | D:1      | Reached skill level 1 in Armour
   340 | D:1      | Reached skill level 1 in Shields
   340 | D:1      | Reached skill level 1 in Unarmed Combat
   340 | D:1      | Reached skill level 1 in Evocations
   768 | D:2      | Noticed a water moccasin
   781 | D:2      | Gained mutation: You are cold resistant. (rC+) [demonic
                  | ancestry]
   781 | D:2      | Reached XP level 5. HP: 40/40 MP: 10/10
   795 | D:2      | Killed a water moccasin
   795 | D:2      | Reached skill level 1 in Hexes
   795 | D:2      | Reached skill level 1 in Charms
   795 | D:2      | Reached skill level 1 in Summonings
   795 | D:2      | Reached skill level 1 in Necromancy
   795 | D:2      | Reached skill level 1 in Translocations
   795 | D:2      | Reached skill level 1 in Transmutations
   795 | D:2      | Reached skill level 1 in Ice Magic
   795 | D:2      | Reached skill level 1 in Air Magic
   795 | D:2      | Reached skill level 1 in Earth Magic
   795 | D:2      | Reached skill level 1 in Poison Magic
   795 | D:2      | Reached skill level 7 in Invocations
   937 | D:2      | Reached XP level 6. HP: 47/47 MP: 11/11
  1114 | D:2      | Reached skill level 5 in Long Blades
  1126 | D:2      | Noticed Eustachio
  1160 | D:2      | Reached XP level 7. HP: 45/52 MP: 12/12
  1188 | D:2      | Identified the cursed ring "Seewehui" {rPois rN++ MP+9,
                  | (Curse: Fragile)}
  1199 | D:2      | Killed Eustachio
  1271 | D:2      | Gained mutation: You have a pair of small horns on your
                  | head. [demonic ancestry]
  1271 | D:2      | Reached XP level 8. HP: 39/60 MP: 13/13
  1272 | D:2      | Reached skill level 5 in Stealth
  1276 | D:2      | Noticed Purgy
  1284 | D:2      | Reached skill level 8 in Invocations
  1740 | D:2      | Killed Purgy
  1765 | D:2      | Noticed Prince Ribbit
  1774 | D:2      | Killed Prince Ribbit
  1813 | D:2      | Reached XP level 9. HP: 22/66 MP: 15/15
  2013 | D:2      | Identified a scroll of acquirement
  2022 | D:2      | Reached skill level 9 in Invocations
  2026 | D:2      | Identified gruber's Compendium of Necromancy and Slavery
                  | (You acquired it on level 2 of the Dungeon)
  2061 | D:2      | Reached skill level 5 in Fire Magic
  2985 | D:3      | Reached skill level 5 in Spellcasting
  3276 | D:3      | Noticed Menkaure
  3283 | D:3      | Killed Menkaure
  3283 | D:3      | Reached skill level 5 in Fighting
  3311 | D:3      | Noticed Edmund
  3456 | D:3      | Killed Edmund
  3546 | D:3      | Learned a level 2 spell: Blink
  3550 | D:3      | Learned a level 3 spell: Mephitic Cloud
  3561 | D:3      | Learned a level 2 spell: Slow
  3617 | D:3      | Reached XP level 10. HP: 74/74 MP: 17/17
  4072 | D:4      | Noticed Maurice
  4088 | D:4      | Killed Maurice
  4172 | D:4      | Found the +10 sword of jihad {holy, *Rage rN+ EV+3}
  4373 | D:4      | Reached skill level 10 in Invocations
  4422 | D:4      | Found an iron altar of Okawaru.
  4629 | D:4      | Found a staircase to the Ecumenical Temple.
  4637 | Temple   | Entered the Ecumenical Temple
  4681 | Temple   | Became a worshipper of Makhleb the Destroyer
  4897 | D:5      | Entered Level 5 of the Dungeon
  5016 | D:5      | Reached skill level 5 in Short Blades
  5016 | D:5      | Reached skill level 5 in Axes & Hammers
  5016 | D:5      | Reached skill level 5 in Whips & Flails
  5016 | D:5      | Reached skill level 5 in Polearms
  5016 | D:5      | Reached skill level 5 in Maces & Staves
  5016 | D:5      | Reached skill level 5 in Slings
  5016 | D:5      | Reached skill level 5 in Bows
  5016 | D:5      | Reached skill level 5 in Crossbows
  5016 | D:5      | Reached skill level 5 in Armour
  5016 | D:5      | Reached skill level 5 in Shields
  5016 | D:5      | Reached skill level 5 in Unarmed Combat
  5016 | D:5      | Reached skill level 5 in Evocations
  5090 | D:5      | Noticed Harold
  5093 | D:5      | Reached * piety under Makhleb
  5215 | D:4      | Gained mutation: Your movements are slightly less
                  | encumbered by armour. (ER -2) [demonic ancestry]
  5215 | D:4      | Reached XP level 11. HP: 71/81 MP: 20/20
  5360 | D:5      | Reached ** piety under Makhleb
  5475 | D:5      | Reached skill level 11 in Invocations
  5476 | D:5      | Killed Harold
  5576 | D:5      | Found a staircase to the Lair.
  5758 | D:5      | Noticed a two-headed ogre
  5765 | D:5      | Killed a two-headed ogre
  5824 | D:5      | Reached skill level 5 in Hexes
  5824 | D:5      | Reached skill level 5 in Charms
  5824 | D:5      | Reached skill level 5 in Summonings
  5824 | D:5      | Reached skill level 5 in Necromancy
  5824 | D:5      | Reached skill level 5 in Translocations
  5824 | D:5      | Reached skill level 5 in Transmutations
  5824 | D:5      | Reached skill level 5 in Ice Magic
  5824 | D:5      | Reached skill level 5 in Air Magic
  5824 | D:5      | Reached skill level 5 in Earth Magic
  5824 | D:5      | Reached skill level 5 in Poison Magic
  5992 | D:5      | Reached *** piety under Makhleb
  6518 | D:6      | Gained mutation: Your movements are less encumbered by
                  | armour. (ER -4) [demonic ancestry]
  6518 | D:6      | Reached XP level 12. HP: 12/89 MP: 22/22
  6768 | D:6      | Found Guonucol's Magic Scroll Shoppe.
  6930 | D:6      | Found a stormy altar of Qazlal.
  6961 | D:6      | Found a staircase to the Orcish Mines.
  7007 | D:6      | Reached **** piety under Makhleb
  7039 | D:6      | Found a runed translucent gate.
  7040 | D:6      | Found a runed translucent gate.
  7040 | D:6      | Noticed DEFE's ghost (journeyman DrDs)
  7050 | D:6      | Found a runed translucent gate.
  7230 | D:6      | Noticed Nessos
  7242 | D:6      | Shot with an arrow by Nessos

Levels and vault maps discovered:
D:1:      eino_arrival_druids_welcome, layout_loops_ring, first_ration,
          corner_web_ring, minmay_stone_trees_small
D:2:      layout_sewer, bcadren_sewer_center_circle, uniq_purgy, uniq_eustachio
D:3:      layout_loops_corners, uniq_menkaure, uniq_edmund
D:4:      layout_irregular_city, kennysheep_mini, temple_doors_cd, uniq_maurice
D:5:      layout_gridville, minmay_lair_entry_grove, uniq_harold
D:6:      layout_rooms, hiddenorc1_lemuel, serial_corexii_hall,
          corexii_hall_statues_x, corexii_hall_statues_l, serial_shops, shop,
          gammafunk_ghost_spectres, basic_altar, uniq_nessos
Temple:   compressed_dpeg_triangle_lava_temple

Skill      XL: |  1  2  3  4  5  6  7  8  9 10 11 12 |
---------------+-------------------------------------+-----
Short Blades   | 1 2 3 4 5 6 |  6.4
Axes & Hammers | 1 2 3 4 5 6 |  6.4
Whips & Flails | 1 2 3 4 5 6 |  6.4
Polearms       | 1 2 3 4 5 6 |  6.4
Maces & Staves | 1 2 3 4 5 6 |  6.4
Slings         | 1 2 3 4 5 6 |  6.4
Bows           | 1 2 3 4 5 6 |  6.4
Crossbows      | 1 2 3 4 5 6 |  6.4
Armour         | 1 2 3 4 5 6 |  6.4
Shields        | 1 2 3 4 5 6 |  6.4
Unarmed Combat | 1 2 3 4 5 6 |  6.4
Evocations     | 1 2 3 4 5 6 |  6.4
Spellcasting   | 3 4 5 6 7 |  7.1
Fighting       | 3 4 5 6 7 |  7.0
Hexes          | 1 2 3 4 5 |  5.3
Charms         | 1 2 3 4 5 |  5.3
Summonings     | 1 2 3 4 5 |  5.3
Necromancy     | 1 2 3 4 5 |  5.3
Translocations | 1 2 3 4 5 |  5.3
Transmutations | 1 2 3 4 5 |  5.3
Ice Magic      | 1 2 3 4 5 |  5.3
Air Magic      | 1 2 3 4 5 |  5.3
Earth Magic    | 1 2 3 4 5 |  5.3
Poison Magic   | 1 2 3 4 5 |  5.3
Invocations    | 7 8 9 10 11 | 11.8
Fire Magic     | 4 5 6 |  6.6
Long Blades    | 5 6 7 8 |  8.0
Dodging        | 7 8 9 |  9.2
Stealth        | 5 6 7 |  7.7

Action                   |  1- 3 |  4- 6 |  7- 9 | 10-12 || total
-------------------------+-------+-------+-------+-------++-------
Melee: Long sword        |    20 |    73 |   199 |   304 ||   596
       Unarmed           |     6 |    45 |   152 |   242 ||   445
       Bite              |     1 |     2 |    27 |    29 ||    59
       Nunchaku          |       |     4 |       |       ||     4
       Headbutt          |       |       |    38 |    75 ||   113
 Cast: Mephitic Cloud    |       |       |       |     6 ||     6
       Blink             |       |       |       |     1 ||     1
Invok: Minor Destruction |       |       |       |     2 ||     2
Evoke: Wand              |       |       |       |     2 ||     2
  Use: Scroll            |       |       |     1 |       ||     1
       Potion            |       |       |       |     1 ||     1
 Stab: Sleeping          |     6 |     2 |    15 |    16 ||    39
       Distracted        |       |       |     2 |       ||     2
       Confused          |       |       |       |    11 ||    11
  Eat: Chunk             |       |     1 |     6 |    13 ||    20
       Ration            |       |       |     1 |       ||     1
Armor: Leather armour    |     2 |     9 |     5 |       ||    16
       Troll leather     |       |       |    13 |    44 ||    57
Dodge: Dodged            |    10 |    68 |   117 |   255 ||   450
Block: Nunchaku          |       |     1 |       |       ||     1
       Rpst.: Long sword |     2 |    13 |    38 |    58 ||   111
